 Dungeon Crawl Stone Soup version 0.25-a0-265-g7af84ae0ac (webtiles) character file.

Game seed: 13534438896279230052, levelgen mode: deterministic

90 floatRand the Shield-Bearer (level 4, 35/35 HPs)
             Began as a Demonspawn Fighter on Dec 7, 2019.
             Quit the game on level 2 of the Dungeon.
             The game lasted 00:01:25 (1272 turns).

floatRand the Shield-Bearer (Demonspawn Fighter)    Turns: 1272, Time: 00:01:25

Health: 35/35      AC:  6    Str: 16    XL:     4   Next: 32%
Magic:  4/4        EV:  7    Int:  9    God:
Gold:   44         SH: 10    Dex: 16    Spells: 3/3 levels left

rFire    . . .     SeeInvis .   k - -2 spear (curse)
rCold    . . .     Gourm    .   c - +1 shield
rNeg     . . .     Faith    .   b - +0 scale mail
rPois    .         Spirit   .   (no helmet)
rElec    .         Reflect  .   (no cloak)
rCorr    .         Harm     .   (no gloves)
MR       .....                  (no boots)
Stlth    +.........             (no amulet)
HPRegen  0.11/turn              (no ring)
MPRegen  0.09/turn              (no ring)

@: very slightly contaminated
A: claws 1, thin skeletal structure 1
a: no special abilities


You were on level 2 of the Dungeon.
You were not hungry.

You visited 1 branch of the dungeon, and saw 2 of its levels.

You collected 44 gold pieces.

Inventory:

Hand Weapons
 a - a +0 trident
 k - a cursed -2 spear (weapon)
Armour
 b - a +0 scale mail (worn)
 c - a +1 shield (worn)
Scrolls
 g - a scroll of amnesia
 h - 2 scrolls of blinking
Potions
 d - a potion of might
Comestibles
 f - a ration
 j - 6 chunks of flesh


   Skills:
 - Level 3.0 Fighting
 + Level 3.2 Polearms
 - Level 2.6 Armour
 + Level 3.8 Shields


You had 3 spell levels left.
You didn't know any spells.
Your spell library was empty.

Dungeon Overview and Level Annotations

Branches:
Dungeon (2/15)

Altars:
Cheibriados


Innate Abilities, Weirdness & Mutations

You have sharp fingernails.
You have a somewhat thin skeletal structure. (Dex +2, Stealth)


Message History

It sticks to your claw!
k - a cursed -2 spear (weapon)
As you read the scroll labeled TURYTE DAHUSM, it crumbles to dust.
Your nose twitches suddenly!
It was a scroll of random uselessness.
Blink to where?
Press: ? - help, Dir - move target cursor You are very lightly contaminated with residual magic.
As you read the scroll labeled SUOCIA OREVYG, it crumbles to dust.
It was a scroll of blinking.
As you read the scroll labeled TUIWNI UHU, it crumbles to dust.
It is a scroll of amnesia.
You feel forgetful for a moment.
Eating one of 7 chunks of flesh.
You eat one of the 7 chunks of flesh.
This raw flesh tastes terrible.
As you read the scroll labeled LARHOG NUQEE, it crumbles to dust.
It is a scroll of enchant armour.
Your +0 shield glows green for a moment.
Quiver which item? (- for none, * to show all) (? for menu, Esc to quit)
Okay, then.
Are you sure you want to abandon this character and quit the game? (Confirm with "yes".)

##....#...# ......#...#
.#. ......+...+....
..#...#...##.# ######.
.......[.....# .......
....#......#.######.....
.............#...##.....
.......@.....#...##.....
..##.........#....# ...
<..#.........#....#####.
#.#[........)#...#.....
.#.........#..#.......#.
.....##.......+.......#.
..#..........##......รท#.
..#...........#.......#.
#...........+.......#)


There were no monsters in sight!

Vanquished Creatures
  4 gnolls (D:2)
  An adder (D:2)
  An ooze (D:1)
  A leopard gecko (D:1)
  A bat (D:2)
  2 giant cockroaches
  3 goblins (D:1)
  4 hobgoblins
  6 jackals
  2 ball pythons (D:1)
  3 frilled lizards (D:1)
  2 kobolds (D:1)
  9 rats
39 creatures vanquished.

Notes
Turn   | Place    | Note
-------+----------+-------------------------------------------
     0 | D:1      | floatRand the Demonspawn Fighter began the quest for the
                  | Orb.
     0 | D:1      | Reached XP level 1. HP: 18/18 MP: 1/1
    59 | D:1      | Found a snail-covered altar of Cheibriados.
    87 | D:1      | Gained mutation: You have sharp fingernails. [demonic
                  | ancestry]
    87 | D:1      | Reached XP level 2. HP: 3/24 MP: 2/2
    90 | D:1      | HP: 1/24 [jackal (1)]
   100 | D:1      | HP: 1/24 [goblin (1)]
   668 | D:1      | Gained mutation: You have a somewhat thin skeletal
                  | structure. (Dex +2, Stealth) [demonic ancestry]
   668 | D:1      | Reached XP level 3. HP: 29/29 MP: 3/3
   957 | D:2      | Reached XP level 4. HP: 12/35 MP: 4/4
  1272 | D:2      | Quit the game

Levels and vault maps discovered:
D:1:      wheals_arrival_shading, layout_rooms, chequers_big_river,
          cheibriados_altar_1
D:2:      layout_basic

Skill      XL: |  1  2  3 |
---------------+----------+-----
Polearms       | 2 3 |  3.2
Shields        | 3 |  3.8
Fighting       | |  3.0
Armour         | |  2.6

Action                   |  1- 3 |  4- 6 || total
-------------------------+-------+-------++-------
Melee: Trident           |   119 |    30 ||   149
  Use: Potion            |     1 |       ||     1
       Scroll            |       |     4 ||     4
  Eat: Chunk             |       |     2 ||     2
Armor: Scale mail        |    52 |    15 ||    67
Dodge: Dodged            |    34 |     9 ||    43
Block: Shield            |    66 |    18 ||    84

Table legend:
 A = Non-vault XP
 B = Vault XP
 C = Vault XP percentage of total XP
 D = Non-vault monster count
 E = Vault monster count
 F = Vault count percentage of total count
                 A         B        C        D         E       F
            +---------+---------+-------+---------+---------+-------
      Total |     129 |       0 |   0.0 |      39 |       0 |   0.0
            +---------+---------+-------+---------+---------+-------
        D:1 |      45 |       0 |   0.0 |      26 |       0 |   0.0
        D:2 |      84 |       0 |   0.0 |      13 |       0 |   0.0
            +---------+---------+-------+---------+---------+-------
